Map: Ascension to Aiur LE

Players

Zanster - Winner!

  • Race: Zerg Zerg
  • Spawn Location: 5:00

Drunkenboi

  • Race: Terran Terran
  • Spawn Location: 11:00

Event: WCS Montreal 2017

VOD

Have the link to the VOD?

Description

Time

  • Played on: Sept. 8, 2017, 12:30 p.m.
  • Length: 10:30

All games in this series

Show
View Real Time Build Order
Export as new Build Order

Zanster Zerg - Winner!

Build Orders: Hatch First 

Get SALT Encoding   

  12  0:01  Drone  
  13  0:13  Overlord  
  13  0:17  Drone  
  14  0:32  Drone x2  
  14  0:35  Drone  
  17  0:52  Hatchery  
  17  0:56  Drone  
  17  0:58  Drone  
  18  1:09  Extractor  
  17  1:14  Spawning Pool  
  17  1:16  Drone  
  17  1:19  Drone  
  18  1:29  Drone  
  19  1:39  Drone  
  20  1:50  Overlord  
  20  2:01  Queen  
  20  2:04  Queen, Zergling x2  
  20  2:05  Zergling x2  
  26  2:09  Metabolic Boost  
  26  2:25  Hatchery  
  26  2:26  Drone  
  26  2:29  Drone  
  27  2:32  Drone  
  27  2:35  Drone  
  29  2:40  Drone  
  29  2:45  Queen  
  29  2:49  Drone  
  32  2:54  Overlord  
  32  2:56  Drone  
  33  2:58  Drone  
  33  3:00  Drone  
  33  3:04  Overlord  
  35  3:15  Drone x2  
  35  3:16  Drone  
  35  3:19  Drone  
  39  3:20  Drone x3  
  39  3:26  Queen  
  44  3:30  Zergling x4  
  44  3:33  Overlord  
  46  3:40  Drone x3  
  49  3:45  Queen  
  51  3:50  Drone x3  
  51  3:51  Drone  
  54  3:55  Overlord  
  54  4:00  Drone x4  
  58  4:04  Drone  
  59  4:10  Zergling x4  
  59  4:11  Drone  
  59  4:15  Drone  
  59  4:16  Drone  
  59  4:17  Drone x2  
  66  4:20  Overlord  
  66  4:25  Spore Crawler x2  
  66  4:26  Spore Crawler  
  66  4:27  Lair  
  66  4:28  Drone  
  66  4:29  Drone  
  65  4:32  Drone  
  65  4:33  Drone  
  65  4:34  Drone  
  65  4:36  Drone  
  65  4:37  Drone  
  65  4:38  Drone  
  71  4:40  Overlord  
  71  4:42  Extractor  
  71  4:43  Extractor x2, Drone  
  69  4:48  Overlord  
  69  4:49  Drone  
  69  4:50  Drone  
  69  4:52  Drone  
  72  4:53  Drone x2  
  72  4:58  Queen  
  72  4:59  Overlord  
  76  5:03  Evolution Chamber  
  76  5:04  Evolution Chamber  
  76  5:05  Drone x2  
  76  5:07  Drone x3  
  76  5:10  Overlord  
  76  5:13  Drone x2  
  81  5:18  Drone x2  
  83  5:26  Extractor  
  82  5:30  Zerg Melee Weapons Level 1, Baneling Nest  
  82  5:31  Zerg Ground Armor Level 1, Hatchery  
  80  5:37  Drone x4  
  84  5:44  Overlord  
  84  5:52  Zergling x6  
  84  5:53  Zergling x14  
  84  5:56  Drone  
  95  5:57  Overlord  
  95  5:59  Hydralisk Den  
  95  6:00  Extractor  
  95  6:01  Overlord  
  92  6:09  Overlord  
  92  6:16  Centrifical Hooks  
  92  6:20  Zergling x16  
  92  6:21  Baneling x4  
  92  6:22  Baneling x3  
  92  6:23  Overlord  
  100  6:27  Overlord  
  100  6:33  Hydralisk x6  
  100  6:36  Overlord  
  112  6:40  Muscular Augments, Hydralisk x2  
  112  6:43  Hydralisk  
  118  6:51  Hydralisk x4  
  126  6:56  Hydralisk  
  126  6:58  Zergling x6  
  126  7:01  Overlord  
  131  7:02  Overlord  
  131  7:04  Overlord  
  131  7:06  Baneling  
  131  7:18  Drone x6  
  131  7:19  Drone x3  
  140  7:24  Overlord  
  140  7:25  Hydralisk x2  
  142  7:32  Zergling x2  
  142  7:33  Zergling x8  
  142  7:36  Zergling x4  
  142  7:37  Zergling x2  
  146  7:46  Zerg Ground Armor Level 2, Zerg Melee Weapons Level 2  
  146  7:48  Infestation Pit, Drone x6  
  147  7:58  Drone x4  
  149  8:07  Overseer  
  149  8:09  Hydralisk x3  
  149  8:10  Zergling x2  
  154  8:16  Hatchery  
  154  8:17  Baneling x11  
  154  8:18  Zergling x2  
  154  8:19  Zergling x6  
  157  8:25  Zergling x14  
  164  8:27  Hatchery  
  164  8:28  Overlord  
  163  8:34  Hive  
  163  8:35  Zergling x8  
  163  8:39  Zergling x2  
  168  8:45  Hydralisk x3  
  174  8:49  Overseer  
  174  8:50  Overlord  
  174  8:56  Zergling x6  
  174  8:58  Baneling x11  
  174  8:59  Baneling x4  
  174  9:02  Overlord  
  176  9:04  Hydralisk x3  
  176  9:05  Zergling x4  
  176  9:08  Overlord  
  176  9:09  Overlord  
  185  9:17  Zergling x16  
  192  9:25  Overlord  
  192  9:30  Zergling x2  
  192  9:31  Zergling x4  
  191  9:39  Hydralisk x4  
  191  9:40  Zergling x2  
  198  9:46  Zergling x2  
  198  9:50  Overlord  
  198  9:51  Zergling x12  
  198  9:52  Zergling x8  
  197  9:57  Ultralisk Cavern  
  196  10:06  Zergling x14  
  199  10:13  Baneling x15  
  199  10:14  Baneling x2  
Show
View Real Time Build Order
Export as new Build Order

Drunkenboi Terran 

Build Orders: Reaper Expand, Bio Tank 

Get SALT Encoding   

  12  0:00  SCV  
  13  0:12  SCV  
  14  0:17  Supply Depot  
  14  0:24  SCV  
  15  0:39  SCV  
  15  0:40  Barracks  
  16  0:44  Refinery  
  16  0:51  SCV  
  17  1:03  SCV  
  18  1:15  SCV  
  19  1:27  Orbital Command  
  19  1:28  Reaper  
  20  1:42  Command Center  
  20  1:50  Supply Depot  
  20  1:53  SCV  
  21  2:00  Barracks Reactor  
  21  2:05  Refinery  
  21  2:06  SCV  
  22  2:18  SCV  
  22  2:22  Factory  
  23  2:30  SCV  
  23  2:36  Marine  
  23  2:37  Marine  
  25  2:42  SCV  
  27  2:54  Marine x2  
  27  2:55  Orbital Command  
  27  2:56  SCV  
  30  3:06  Starport  
  30  3:08  SCV  
  31  3:18  Hellion x2, Barracks Tech Lab  
  35  3:20  SCV  
  35  3:22  SCV  
  37  3:27  Supply Depot  
  37  3:32  SCV  
  38  3:34  SCV  
  39  3:42  Hellion x2  
  39  3:44  SCV  
  39  3:46  SCV  
  39  3:47  Barracks Tech Lab  
  45  3:50  Raven  
  47  3:58  SCV x2  
  49  4:11  Command Center  
  49  4:12  SCV x2  
  49  4:16  Stimpack  
  51  4:20  Supply Depot  
  51  4:23  Factory Reactor  
  51  4:24  SCV  
  51  4:27  Barracks  
  51  4:28  Barracks  
  51  4:30  SCV  
  53  4:31  Marine  
  54  4:41  Viking  
  54  4:44  Supply Depot, SCV x2  
  58  4:49  Marine  
  58  4:51  Engineering Bay  
  58  4:52  Engineering Bay  
  59  4:56  SCV  
  59  4:57  SCV  
  61  5:05  Factory Reactor  
  61  5:07  Barracks, Marine  
  61  5:08  Barracks  
  62  5:18  Terran Infantry Armor Level 1, Terran Infantry Weapons Level 1  
  62  5:21  Refinery  
  62  5:22  Starport Reactor  
  62  5:24  Marine x3  
  62  5:25  Marine x2  
  67  5:30  Orbital Command  
  67  5:34  Refinery  
  67  5:39  SCV x2  
  67  5:42  Marine x4  
  72  5:45  Barracks  
  73  5:51  SCV x2  
  73  5:52  Orbital Command, Armory  
  73  5:55  Barracks Reactor x2  
  75  6:00  Marine  
  76  6:04  Marine x2  
  76  6:06  Marine x2  
  76  6:07  Medivac x2  
  84  6:13  Supply Depot  
  84  6:14  Supply Depot  
  84  6:18  SCV  
  85  6:19  Supply Depot, SCV x2  
  85  6:24  Siege Tank  
  90  6:25  Marine  
  90  6:28  Marine  
  90  6:30  SCV  
  93  6:34  Marine x2  
  93  6:39  SCV  
  96  6:40  SCV  
  96  6:41  Supply Depot  
  96  6:42  Marine  
  96  6:43  Supply Depot  
  96  6:46  Combat Shields  
  98  6:48  Marine x2  
  98  6:50  Terran Vehicle Weapons Level 1  
  100  6:54  Medivac  
  100  6:55  Medivac  
  100  6:59  SCV x3  
  100  7:00  Marine  
  108  7:04  Marine x2  
  108  7:07  Marine  
  108  7:08  Marine  
  112  7:11  SCV x3  
  112  7:12  Marine x2  
  112  7:13  Marine  
  118  7:21  Supply Depot  
  118  7:22  Supply Depot  
  106  7:23  Marine  
  106  7:24  Supply Depot, Marine  
  100  7:36  Marine x2  
  100  7:37  Marauder  
  100  7:39  SCV x3  
  100  7:41  Factory  
  100  7:42  Terran Infantry Weapons Level 2  
  103  7:45  Terran Infantry Armor Level 2  
  103  7:49  Supply Depot  
  103  7:52  SCV x3  
  103  7:53  Marine x2  
  108  7:59  Siege Tank, Marine x2  
  108  8:00  Marine x3  
  108  8:03  Refinery  
  108  8:04  Marine  
  108  8:05  Marine, Refinery  
  118  8:09  Marine x2  
  120  8:13  Liberator  
  120  8:14  Liberator, SCV  
  120  8:15  Marine x2, SCV  
  120  8:17  Marine  
  124  8:24  Factory Tech Lab  
  124  8:28  Supply Depot, Marine x2  
  124  8:31  Siege Tank  
  124  8:32  Marine x2  
  137  8:36  Marine  
  137  8:37  Marine x2  
  135  8:43  Marine x2  
  135  8:45  Siege Tank  
  140  8:49  Supply Depot, Marine x3  
  140  8:50  Supply Depot, Marauder  
  140  8:52  Marine  
  140  8:53  Supply Depot  
  140  8:54  Unknown  
  146  9:00  Marine x2  
  146  9:03  Siege Tank, Marine  
  146  9:07  Bunker  
  146  9:08  Marine  
  146  9:09  Marine  
  150  9:10  Bunker  
  150  9:12  Marine x2  
  152  9:17  Siege Tank  
  152  9:22  Marine x3  
  152  9:23  Marine  
  159  9:27  Marine  
  160  9:34  Marine, Marauder  
  160  9:35  Siege Tank  
  161  9:45  Marine x4  
  162  9:46  Marine  
  162  9:49  Supply Depot, Siege Tank  
  162  9:51  Supply Depot, Marine  
  166  9:56  Marauder  
  174  10:02  Marine  
  174  10:05  Marine x2  
  174  10:06  Marine x2  
  167  10:09  Marine x3  
Tags
 
Add a new tag
Caveats
  • Supply blocks, unpowered buildings, or Contaminate may cause inaccurate times.
  • Supply counts are checked every 10 seconds.